 Dungeon Crawl Stone Soup version 0.23.2-1-ga50397a6bc (webtiles) character file.

Game seed: 17255022017262661602

407 Mrkan the Chopper (level 6, -1/56 HPs)
             Began as a Hill Orc Monk on May 14, 2019.
             Was a Believer of Beogh.
             Succumbed to Duvessa's poison
             ... on level 5 of the Dungeon.
             The game lasted 00:07:52 (3295 turns).

Mrkan the Chopper (Hill Orc Monk)                   Turns: 3295, Time: 00:07:53

Health: -1/56      AC: 11    Str: 16    XL:     6   Next: 88%
Magic:  6/6        EV:  7    Int: 10    God:    Beogh [**....]
Gold:   249        SH:  0    Dex: 13    Spells: 5/5 levels left

rFire    . . .     SeeInvis .   a - +0 hand axe
rCold    . . .     Gourm    .   (no shield)
rNeg     . . .     Faith    .   A - +0 chain mail
rPois    .         Spirit   .   e - +0 helmet
rElec    .         Reflect  .   (no cloak)
rCorr    .         Harm     .   f - +0 pair of gloves
MR       .....                  (no boots)
Stlth    ..........             (no amulet)
HPRegen  0.18/turn              (no ring)
MPRegen  0.10/turn              (no ring)

@: lethally poisoned (-1 -> -58)
A: no striking features
a: Smiting, Renounce Religion


You were on level 5 of the Dungeon.
You worshipped Beogh.
Beogh was pleased with you.
You were not hungry.

You visited 1 branch of the dungeon, and saw 5 of its levels.

You collected 249 gold pieces.

Inventory:

Hand Weapons
 a - a +0 hand axe (weapon)
Missiles
 l - 10 curare-tipped needles
Armour
 e - a +0 helmet (worn)
 f - a +0 pair of gloves (worn)
 A - a +0 chain mail (worn)
Jewellery
 k - a cursed -2 ring of strength {unknown}
 v - an uncursed amulet of guardian spirit {unknown}
Wands
 b - a wand of digging (2)
 u - a wand of enslavement (7)
Scrolls
 h - 6 scrolls of teleportation {unknown}
 i - 3 scrolls of identify {unknown}
 j - 2 scrolls of magic mapping {unknown}
 m - a scroll of enchant weapon {unknown}
 n - a scroll of enchant armour {unknown}
 o - 3 scrolls of fog {unknown}
 r - 2 scrolls of remove curse {unknown}
 s - a scroll of noise {unknown}
 x - a scroll of fear {unknown}
 y - a scroll of amnesia {unknown}
Potions
 d - a potion of cancellation {unknown}
 p - a potion of resistance {unknown}
 q - a potion of curing {unknown}
 t - a potion of brilliance {unknown}
 w - a potion of heal wounds {unknown}
Comestibles
 c - 5 rations


   Skills:
 + Level 5.4 Fighting
 * Level 7.5 Axes
 + Level 3.4 Armour
 - Level 2.4 Dodging
 - Level 1.5 Stealth


You had 5 spell levels left.
You didn't know any spells.
Your spell library was empty.

Dungeon Overview and Level Annotations

Branches:
Dungeon (5/15)             Temple (0/1) D:5

Altars:
Cheibriados
Fedhas
Gozag
Uskayaw

Shops:
D:2 *

Annotations:
D:5 Dowan, Duvessa


Message History

You hit Duvessa but do no damage.
Duvessa is moderately wounded.
You feel very sick.
You closely miss Duvessa.
Duvessa is moderately wounded.
You feel very sick.
Dowan shouts!
The crimson imp blinks!
Duvessa hits you with a +0 rapier of venom.
You are more poisoned.
Dowan points at Duvessa and mumbles some strange words.
Duvessa seems to speed up.
* * * LOW HITPOINT WARNING * * *
You feel very sick.
Duvessa hits you with a +0 rapier of venom.
* * * LOW HITPOINT WARNING * * *
You are more poisoned.
* * * LOW HITPOINT WARNING * * *
You feel very sick.
You die...

.)....##.....[(....##..<.
#####.....8..<..8...'.....#
# ####....)..[...##.....#
## ##..#####..## #....# .#
##.##.##.## #....# .###
#+#..##.# #....## ...#
#..####(# #.....# ##.##
#..# #.# #.....#### .#..#
##.####@#####.5.......
..#.# #.##....e..e...#...#
#...#
#####.##.########.....##
#(..###........# #.###....
##......###.####
#.......e...
...............
.....#..##5....
###.......##### #### #..#
.##. #.#.##..# .... #
#.#..[..# ...##


You could see Duvessa and Dowan.

Vanquished Creatures
  A sky beast (D:4)
  A scorpion (D:4)
  3 orc wizards
  3 worker ants
  A howler monkey skeleton (D:4)
  4 adders
  An ooze (D:2)
  2 worms (D:4)
  A dart slug (D:4)
  10 orcs
  4 giant cockroaches
  5 goblins
  9 kobolds
  2 quokkas (D:4)
  4 bats
  4 frilled lizards
  2 rats (D:1)
57 creatures vanquished.

Vanquished Creatures (others)
  An orc priest (D:4)
  An orc wizard (D:4)
  An adder (D:4)
  A giant cockroach (D:4)
4 creatures vanquished.

Grand Total: 61 creatures vanquished

Notes
Turn   | Place    | Note
-------+----------+-------------------------------------------
     0 | D:1      | Mrkan the Hill Orc Monk began the quest for the Orb.
     0 | D:1      | Reached XP level 1. HP: 19/19 MP: 1/1
     6 | D:1      | Noticed a swamp drake
     6 | D:1      | Noticed a hog
     6 | D:1      | Noticed a polar bear
     7 | D:1      | Noticed an anaconda
   417 | D:2      | Found an opulent altar of Gozag.
   420 | D:2      | Found Gozag's Platinum Reserve.
   450 | D:2      | Reached XP level 2. HP: 25/27 MP: 2/2
   468 | D:2      | Reached skill level 1 in Armour
   578 | D:2      | Reached XP level 3. HP: 21/33 MP: 3/3
   726 | D:2      | Reached skill level 5 in Axes
  1135 | D:3      | Reached XP level 4. HP: 38/40 MP: 4/4
  1495 | D:3      | Found a snail-covered altar of Cheibriados.
  1495 | D:3      | Found a hide-covered altar of Uskayaw.
  1719 | D:4      | Became a worshipper of Beogh the Brigand
  1719 | D:4      | Reached * piety under Beogh
  1719 | D:4      | Reached ** piety under Beogh
  1799 | D:4      | HP: 2/41 [poisoned by a worker ant]
  1905 | D:4      | Reached XP level 5. HP: 15/47 MP: 5/5
  2160 | D:4      | Reached skill level 6 in Axes
  2628 | D:4      | Found a blossoming altar of Fedhas.
  2745 | D:5      | Entered Level 5 of the Dungeon
  2745 | D:5      | Found a staircase to the Ecumenical Temple.
  2745 | D:5      | Noticed Duvessa
  2745 | D:5      | Noticed Dowan
  2745 | D:5      | Noticed an ogre
  2746 | D:5      | Noticed a sky beast
  2765 | D:5      | Noticed a sky beast
  2802 | D:4      | Killed a sky beast
  2802 | D:4      | Reached skill level 5 in Fighting
  2802 | D:4      | Reached XP level 6. HP: 15/56 MP: 6/6
  3040 | D:5      | Reached skill level 7 in Axes
  3295 | D:5      | Succumbed to Duvessa's poison

Skill      XL: |  1  2  3  4  5  6 |
---------------+-------------------+-----
Armour         | 1 2 3 |  3.4
Fighting       | 4 5 |  5.4
Axes           | 5 6 7 |  7.5
Dodging        | |  2.4
Stealth        | |  1.5

Action                   |  1- 3 |  4- 6 || total
-------------------------+-------+-------++-------
Melee: Hand axe          |   120 |   245 ||   365
Invok: Convert to Beogh  |       |     1 ||     1
       Smiting           |       |     1 ||     1
  Use: Potion            |       |     2 ||     2
  Eat: Ration            |       |     2 ||     2
       Chunk             |       |     1 ||     1
Armor: Ring mail         |    62 |    64 ||   126
       Robe              |     1 |       ||     1
       Skin              |       |    18 ||    18
       Chain mail        |       |    54 ||    54
Dodge: Dodged            |    75 |    79 ||   154
